 Dungeon Sprint DCSS version 0.31.0-32-g396128a36d (webtiles) character file.

Game seed: 8962619252241328965

174 Heoruswealwe the Spear-Bearer (level 5, -2/52 HPs)
             Began as a Minotaur Fighter on Mar 9, 2024.
             Incinerated by a bombardier beetle (4 damage)
             ... with a burning spray
             ... in the Dungeon (Sprint IX: "|||||||||||||||||||||||||||||").
             The game lasted 00:01:13 (53 turns).

Heoruswealwe the Spear-Bearer (Minotaur Fighter)      Turns: 53, Time: 00:01:13

Health: -2/52      AC:  8    Str: 23    XL:     5   Next: 28%
Magic:  4/4        EV:  9    Int:  5    God:
Gold:   0          SH:  4    Dex:  9    Spells: 4/4 levels left

rFire   . . .        a - +0 trident
rCold   . . .        d - +0 buckler
rNeg    . . .        c - +0 scale mail
rPois   .            (helmet restricted)
rElec   .            (no cloak)
rCorr   .            (no gloves)
SInv    .            (no boots)
Will    .....        (no amulet) Stlth
                     (no ring)
HPRegen 0.28/turn    (no ring)
MPRegen 0.09/turn

%: no teleportation
@: on fire, glowing
A: horns 2, retaliatory headbutt
a: no special abilities


You were in the Dungeon.
You visited 1 branch

Inventory:

Hand Weapons
 a - a +0 trident (weapon)
Armour
 c - a +0 scale mail (worn)
 d - a +0 buckler (worn)
Scrolls
 j - a scroll of blinking
Potions
 b - a potion of might
 g - a potion of haste
 h - 2 potions of magic
 i - a potion of berserk rage


   Skills:
 + Level 7.4 Fighting
 * Level 9.5 Polearms
 + Level 7.4 Armour
 - Level 3.6 Shields


You had 4 spell levels left.
You didn't know any spells.
Your spell library was empty.

Dungeon Overview and Level Annotations

Branches:
Dungeon (1/1)

Altars:


Innate Abilities, Weirdness & Mutations

You have a pair of horns on your head.
You reflexively headbutt those who attack you in melee.


Message History

The liquid fire burns you!
* * * LOW HITPOINT WARNING * * *
The quokka bites you.
* * * LOW HITPOINT WARNING * * *
You closely miss the quokka. You headbutt the quokka.
You kill the quokka!
The liquid fire burns you!
* * * LOW HITPOINT WARNING * * *
The centaur closely misses you.
The centaur kicks you but does no damage.
You hit the centaur. You headbutt the centaur!
The centaur is severely wounded.
The liquid fire burns you!
* * * LOW HITPOINT WARNING * * *
The centaur hits you but does no damage.
The centaur kicks you.
* * * LOW HITPOINT WARNING * * *
You feel better. The liquid fire burns you!
* * * LOW HITPOINT WARNING * * *
The centaur hits you but does no damage.
The centaur kicks you but does no damage.
The centaur hits you but does no damage.
The centaur kicks you but does no damage.
You puncture the centaur!
You kill the centaur!
The liquid fire burns you!
* * * LOW HITPOINT WARNING * * *
Your Fighting skill increases to level 7!
Your Polearms skill gained 2 levels and is now at level 9!
Your Armour skill increases to level 7!
You have reached level 5!
You shake off some of the fire as you move.
The liquid fire burns you!
* * * LOW HITPOINT WARNING * * *
There is an open door, spattered with blood here.
Items here: )) [ †††.
You shake off some of the fire as you move.
The liquid fire burns you!
You die... ▓▓▓▓▓▓▓▓▓▓▓▓▓▓▓▓▓▓ ▓<...).....)@....+ ▓▓▓▓▓▓▓▓▓▓▓▓▓▓▓▓▓▓

There were no monsters in sight!

Vanquished Creatures
  A centaur (D)
  A bombardier beetle (D)
  A gnoll bouda (D)
  An iguana (D)
  A ball python (D)
  2 endoplasms (D)
  A hobgoblin (D)
  A kobold (D)
  A quokka (D)
10 creatures vanquished.

Notes
Turn   | Place    | Note
-------+----------+-------------------------------------------
     0 | D        | Heoruswealwe the Minotaur Fighter began the quest for the
                  | Orb.
     0 | D        | Reached XP level 1. HP: 19/19 MP: 0/0
     5 | D        | Reached skill level 3 in Polearms
    17 | D        | Reached skill level 4 in Polearms
    25 | D        | Noticed an iguana
    25 | D        | Noticed a gnoll bouda
    25 | D        | Noticed a bombardier beetle
    25 | D        | Noticed a centaur
    26 | D        | Killed an iguana
    27 | D        | Reached skill level 5 in Fighting
    27 | D        | Reached skill level 5 in Polearms
    27 | D        | Reached skill level 5 in Armour
    27 | D        | Reached XP level 2. HP: 29/29 MP: 1/1
    27 | D        | Reached XP level 3. HP: 36/36 MP: 2/2
    33 | D        | Reached skill level 6 in Polearms
    43 | D        | Reached skill level 7 in Polearms
    43 | D        | Reached XP level 4. HP: 9/44 MP: 3/3
    51 | D        | Killed a centaur
    52 | D        | Reached skill level 9 in Polearms
    52 | D        | Reached XP level 5. HP: 4/52 MP: 4/4
    52 | D        | HP: 1/52 [burnt (3)]
    53 | D        | Incinerated by a bombardier beetle

Illustrated notes

Levels and vault maps discovered:
D:        linesprint [early_d, line_temple, items_1, d_10, items_2, lair_1,
          lair_end, items_3, orc_1, orc_end, items_4, d_15, swamp_1, shoals_1,
          snake_1, spider_1, d_20, vaults_1, items_5, swamp_end, shoals_end,
          snake_end, spider_end, vaults_end, d_27, items_6, zot_1, zot_end,
          crypt_end, forest_end, elf_end, slime_end, tomb_end, abyss_end,
          pan_hell_end]

Skill      XL: |  1  2  3  4 |
---------------+-------------+-----
Polearms       | 5 7 9 |  9.5
Fighting       | 5 6 7 |  7.4
Armour         | 5 6 7 |  7.4
Shields        | |  3.6

Action                     |  1- 3 |  4- 6 || total
---------------------------+-------+-------++-------
  Melee: Trident           |    29 |     7 ||    36
         Headbutt          |     4 |     2 ||     6
    Use: Potion            |       |     2 ||     2
 Armour: Scale mail        |     8 |    10 ||    18
  Dodge: Dodged            |     8 |     2 ||    10
  Block: Buckler           |     3 |     2 ||     5
